Cogmind - Beta 13 @@@ ROGUE MODE // 2024.05.21 @ 20:37:24 Player: Killakoala Result: Destroyed by G-34 Mercenary with Small Laser Performance ------------- Evolutions (1) 500 Regions Visited (3) 600 Robots Destroyed (20) 100 Value Destroyed (520) 520 Prototype IDs (1) 20 Alien Tech Used (0) 0 Bonus (0) 0 TOTAL SCORE: 1740 Bonus ------- None Cogmind --------- Core Integrity 0/400 Matter 176/300 Energy 95/100 System Corruption 10% Temperature Cool (6) Movement Core (50) Location -9/Materials Parts ------- > --- POWER (1) -------- (None) > --- PROPULSION (3) --- (None) > --- UTILITY (3) ------ (None) > --- WEAPON (2) ------- (None) > --- INVENTORY (5) ---- Light Ion Engine EM Shotgun Peak State ------------ > --- POWER ------------ Light Ion Engine > --- PROPULSION ------- Improved Hover Unit > --- UTILITY ---------- Weight Redist. System Hacking Suite > --- WEAPON ----------- EM Shotgun Improved Assault Rifle > --- INVENTORY -------- Light Ion Engine [Rating: 13] Favorites ----------- Power Ion Engine Engine Ion Engine Propulsion Improved Hover Unit Leg Aluminum Leg Hover Unit Improved Hover Unit Utility Weight Redist. System Device Weight Redist. System Storage Small Storage Unit Hackware Hacking Suite Weapon Mini Grenade Launcher Energy Gun EM Pulse Gun Ballistic Gun Light Assault Rifle Launcher Mini Grenade Launcher Build | -11 -10 -10 -9 ------- Run | Yrd Mat Min Mat Slots Evolved 2 | . . . 2 Power . | . . . . Propulsion 1 | . . . 1 Utility 1 | . . . 1 Weapon . | . . . . Parts Attached 24 | 7 6 5 6 Power 4 | 2 . 1 1 Engine 4 | 2 . 1 1 Core . | . . . . Reactor . | . . . . Propulsion 7 | 2 3 2 . Treads . | . . . . Leg 2 | 2 . . . Wheel . | . . . . Hover 5 | . 3 2 . Flight . | . . . . Utility 4 | 1 1 1 1 Device 2 | . 1 1 . Storage 1 | 1 . . . Processor . | . . . . Hackware 1 | . . . 1 Protection . | . . . . Artifact . | . . . . Weapon 9 | 2 2 1 4 Energy Gun 6 | 2 . 1 3 Energy Cannon . | . . . . Ballistic Gun 2 | . 1 . 1 Ballistic Cannon . | . . . . Launcher 1 | . 1 . . Special Weapon . | . . . . Impact Weapon . | . . . . Slashing Weapon . | . . . . Piercing Weapon . | . . . . Special Melee Weapon . | . . . . Unidentified Prototypes 1 | . . . 1 Parts Lost 14 | . 1 5 8 Power 1 | . . . 1 Propulsion 3 | . . 1 2 Utility 3 | . . 1 2 Weapon 7 | . 1 3 3 Highest Loss Streak 7 | . 1 3 7 To Critical Strikes . | . . . . Average Slot Usage (%) 63 | . 85 59 44 Engine 12 | . 14 14 9 Leg 1 | . 4 . . Hover 21 | . 23 24 12 Device 11 | . 12 11 10 Hackware 1 | . . . 5 Energy Gun 4 | . 13 . 2 Ballistic Gun 3 | . 2 4 3 Launcher 5 | . 11 4 . Naked Turns 9 | . . . 9 Heaviest Build 14 | 14 14 7 9 Greatest Support 26 | 20 26 20 20 Greatest Overweight (x) 3 | 3 1 . . Average Overweight (x) . | . . . . Largest Inventory Capacity 8 | 8 8 5 5 Average Capacity 5 | 7 5 5 5 Most Carried 5 | 1 5 5 3 Average Carried 2 | . 3 3 1 Final Capacity 8 | 8 5 5 5 Final Carried 5 | 1 5 2 2 Class Distribution -------------------- 100% | Mutant Dominant Class ---------------- Mutant | -10/Materials Mutant | -10/Mines Mutant | -9/Materials Resources | -11 -10 -10 -9 ----------- Run | Yrd Mat Min Mat Matter Collected 387 | 221 54 32 80 Remotely . | . . . . Salvage Created 519 | . 150 81 288 Parts 50 | . 22 7 21 Haulers Intercepted . | . . . . Recyclers Shooed . | . . . . Parts Field Recycled . | . . . . Retrieved Matter . | . . . . Parts Self-Destructed . | . . . . Prevented . | . . . . Kills | -11 -10 -10 -9 ------- Run | Yrd Mat Min Mat Combat Hostiles Destroyed 15 | . 5 4 6 Melee 1 | . . . 1 Guns 6 | . 2 . 4 AOE 8 | . 3 4 1 Classes Destroyed 7 | . 4 2 1 Worker 1 | . . 1 . Builder 1 | . 1 . . Operator 3 | . 3 . . Swarmer 6 | . 3 3 . Grunt 6 | . 2 . 4 Brawler 1 | . . . 1 Sentry 2 | . . 1 1 Best Kill Streak 4 | . 4 3 3 Combat Bots Only 3 | . 3 3 3 Max Kills in Single Turn 2 | . 2 2 1 Gunslinging . | . . . . Exploded 2 | . 1 2 1 Melee 1 | . . . 1 Uniques/NPCs Destroyed . | . . . . Combat | -11 -10 -10 -9 -------- Run | Yrd Mat Min Mat Hostile Shots Fired 127 | . 15 43 69 Missed 41 | . 5 15 21 Damage Taken 1301 | . 168 385 748 Core 586 | . 38 144 404 Absorbed by Shields . | . . . . Core Remaining (%) 63 | 100 . 27 . Volleys Fired 61 | . 23 18 20 Largest 2 | . 2 2 2 Hottest 90 | . 70 50 90 Shots Fired 75 | . 28 20 27 Gun 62 | . 21 14 27 Cannon . | . . . . Launcher 13 | . 7 6 . Special . | . . . . Kinetic 34 | . 7 12 15 Thermal 2 | . . 2 . Explosive 13 | . 7 6 . Electromagnetic 26 | . 14 . 12 Robot Hit Streak 10 | . 3 4 10 Robot Miss Streak 4 | . 4 2 2 Penetration Max . | . . . . Secondary Targets . | . . . . Shots Hit Robots 44 | . 11 12 21 Core Hits 35 | . 11 9 15 Critical Kills . | . . . . Critical Parts Destroyed . | . . . . Critical Strikes 1 | . . . 1 Corrupt 1 | . . . 1 Melee Attacks . | . . . . Impact . | . . . . Slashing . | . . . . Piercing . | . . . . Sneak Attacks . | . . . . Combat Hostiles . | . . . . Follow-up Attacks . | . . . . Damage Inflicted 1240 | . 389 455 396 Guns 489 | . 113 56 320 Cannons . | . . . . Explosions 680 | . 276 370 34 Melee . | . . . . Ramming 71 | . . 29 42 Kinetic 251 | . 26 46 179 Thermal 44 | . . 10 34 Explosive 646 | . 276 370 . Electromagnetic 228 | . 87 . 141 Impact . | . . . . Slashing . | . . . . Piercing . | . . . . Highest Corruption 10 | . . . 10 Average Corruption 2 | . . . 2 Corruption Purged . | . . . . Corruption Blocked . | . . . . Effects 2 | . . . 2 Energy Discharges 1 | . . . 1 Misdirections 1 | . . . 1 Overload Shots . | . . . . Overflow Damage 46 | . . 40 6 Projectiles . | . . . . Explosions 40 | . . 40 . Melee 6 | . . . 6 Knockbacks . | . . . . Impact . | . . . . Kinetic . | . . . . Secondary . | . . . . Self-Inflicted Damage 136 | . 48 30 58 Shots 4 | . 1 2 1 Rammed 18 | . . 7 11 Targets Rammed 18 | . . 7 11 Kicked . | . . . . Crushed . | . . . . Highest Temperature 57 | . 43 14 57 Average Temperature 14 | . 15 4 20 Received Heat Transfer 354 | . . 81 273 Siege Activations . | . . . . Robots Corrupted . | . . . . Combat Hostiles . | . . . . Parts Fried 1 | . 1 . . Impact Corruptions 1 | . . . 1 Robots Melted . | . . . . Combat Hostiles . | . . . . Parts Melted . | . . . . Heat Transferred 25 | . . 25 . Parts Sabotaged . | . . . . Parts Stolen . | . . . . Parts Stripped . | . . . . Power Chain Reactions 1 | . . . 1 Alert | -11 -10 -10 -9 ------- Run | Yrd Mat Min Mat Peak Influence 291 | . 291 232 253 Initial 113 | . . 113 80 Average 145 | . 125 189 141 Maximum Alert Level 1 | . 1 1 1 Low Security (%) 59 | 100 68 31 83 Level 1 40 | . 31 68 16 Level 2 . | . . . . Level 3 . | . . . . Level 4 . | . . . . Level 5 . | . . . . High Security . | . . . . Max Security . | . . . . Squads Dispatched 2 | . . . 2 Investigation . | . . . . Extermination . | . . . . Reinforcement 2 | . . . 2 Assault . | . . . . Garrison . | . . . . Intercept . | . . . . Searches Triggered . | . . . . Construction Impeded . | . . . . Haulers Reinforced . | . . . . Active Scanning Responses . | . . . . Cargo Convoy Interrupts . | . . . . Stealth | -11 -10 -10 -9 --------- Run | Yrd Mat Min Mat Distress Signals . | . . . . Communications Jammed . | . . . . Distress Signals . | . . . . Times Spotted 28 | . 9 5 14 Peak Tracking Total 7 | . 3 3 7 Tactical Retreats . | . . . . Traps | -11 -10 -10 -9 ------- Run | Yrd Mat Min Mat Traps Triggered 1 | . 1 . . Indirectly . | . . . . Trap Hack Attempts . | . . . . Triggered . | . . . . Disarmed . | . . . . Reprogrammed . | . . . . Reused . | . . . . Traps Extracted . | . . . . Installed . | . . . . Triggered . | . . . . Machines | -11 -10 -10 -9 ---------- Run | Yrd Mat Min Mat Machines Disabled 7 | . 4 2 1 Max in Single Turn 2 | . 2 2 1 Machines Repaired . | . . . . Machines Dismantled . | . . . . Machines Sabotaged . | . . . . Overloaded Fab Kills . | . . . . Hacking | -11 -10 -10 -9 --------- Run | Yrd Mat Min Mat Machines Accessed 1 | . 1 . . Terminals 1 | . 1 . . Fabricators . | . . . . Repair Stations . | . . . . Recycling Units . | . . . . Scanalyzers . | . . . . Garrison Access . | . . . . Total Hacks 3 | . 3 . . Successful 1 | . 1 . . Failed 2 | . 2 . . Catastrophic . | . . . . Database Lockouts . | . . . . Manual . | . . . . Terminals 3 | . 3 . . Fabricators . | . . . . Repair Stations . | . . . . Recycling Units . | . . . . Scanalyzers . | . . . . Garrison Access . | . . . . Terminal Hacks 1 | . 1 . . Emergency Access Points 1 | . 1 . . Fabricator Hacks . | . . . . Repair Station Hacks . | . . . . Recycling Unit Hacks . | . . . . Scanalyzer . | . . . . Garrison Access Hacks . | . . . . Unauthorized Hacks . | . . . . Terminals . | . . . . Fabricators . | . . . . Repair Stations . | . . . . Recycling Units . | . . . . Scanalyzers . | . . . . Garrison Access . | . . . . Data Cores Recovered . | . . . . Used . | . . . . Hacking Detections 1 | . 1 . . Full Trace Events . | . . . . Feedback Events . | . . . . Feedback Blocked . | . . . . Robot Schematics Acquired . | . . . . Robots Built . | . . . . Authchips . | . . . . Time . | . . . . Total Robot Build Rating . | . . . . Part Schematics Acquired . | . . . . Parts Built . | . . . . Authchips . | . . . . Time . | . . . . Total Part Build Rating . | . . . . Parts Repaired . | . . . . Time . | . . . . Parts Recycled . | . . . . Recycled Matter . | . . . . Retrieved Matter . | . . . . Retrieved Components . | . . . . Parts Scanalyzed . | . . . . Part Schematics Acquired . | . . . . Parts Damaged . | . . . . Bothacking | -11 -10 -10 -9 ------------ Run | Yrd Mat Min Mat Used RIF Installer . | . . . . Robots Hacked . | . . . . Non-combat . | . . . . Combat . | . . . . Robot Hacks Applied . | . . . . Relay Couplers Released . | . . . . Fabnet Peak Effective % . | . . . . Robots Rewired . | . . . . Allies Hacked . | . . . . Hacks Repelled . | . . . . Allies | -11 -10 -10 -9 -------- Run | Yrd Mat Min Mat Total Allies . | . . . . Largest Group . | . . . . Highest-Rated Group . | . . . . Highest-Rated Ally . | . . . . Total Orders . | . . . . Ally Attacks . | . . . . Total Damage . | . . . . Kills . | . . . . Allies Corrupted . | . . . . Allies Melted . | . . . . Intel | -11 -10 -10 -9 ------- Run | Yrd Mat Min Mat Robot Analysis Total . | . . . . Derelict Logs Recovered . | . . . . Drone Launches . | . . . . Drone Recoveries . | . . . . Exploration | -11 -10 -10 -9 ------------- Run | Yrd Mat Min Mat Turns Passed 728 | 58 194 292 184 Spaces Moved 852 | 39 204 424 185 Core 13 | 10 . . 3 Treads . | . . . . Legs 49 | 29 20 . . Wheels . | . . . . Hover 790 | . 184 424 182 Flight . | . . . . Fastest Speed 50 | 50 56 56 50 Average Speed 61 | 120 62 57 57 Slowest Speed 200 | 200 120 60 60 Overloaded Moves . | . . . . Propulsion Burnouts . | . . . . Robots Hopped . | . . . . Cave-ins Triggered . | . . . . Exploration Rate (%) 30 | 3 53 48 16 Regions Visited 3 Branch Regions 1 Pre-discovered Areas . | . . . . Known Exits Taken . | . . . . Unknown Exits Taken 3 | 1 1 1 . Scrap Searched . | . . . . Spaces Dug . | . . . . Terrain Destroyed 114 | . 52 54 8 Melee . | . . . . Projectile . | . . . . AOE 114 | . 52 54 8 Terrain Rammed . | . . . . Walls Destroyed . | . . . . Machines Disabled . | . . . . Actions | -11 -10 -10 -9 --------- Run | Yrd Mat Min Mat Total 982 | 46 244 456 236 Wait 8 | . . . 8 Move 849 | 38 203 423 185 Hop . | . . . . Pick Up 10 | 1 5 1 3 Fast Attach 14 | 6 5 1 2 Attach 9 | . 1 4 4 Detach 3 | . 2 . 1 Swap 1 | 1 . . . Drop 8 | . 5 2 1 Fire 61 | . 23 18 20 Melee . | . . . . Ram 19 | . . 7 12 Kick . | . . . . Crush . | . . . . Escape Stasis . | . . . . Rewire . | . . . . Trap . | . . . . Miscellaneous . | . . . . Route ------- -11/Scrapyard -10/Materials (discovered 2 exits: [*Mat] / [*Min]) -10/Mines -9/Materials History --------- Turn | Location | Event 20 | -11/Scrapyard | Discovered new exit (range 15) 59 | -11/Scrapyard | Entered Materials 164 | -10/Materials | Discovered new exit (range 3) 210 | -10/Materials | Discovered new exit (range 12) 253 | -10/Materials | Entered Mines 305 | -10/Mines | Build established: Mutant 388 | -10/Mines | Discovered new exit (range 9) 390 | -10/Mines | Lost 3 parts (3w) 450 | -10/Mines | Core integrity fell below 50% 545 | -10/Mines | Entered Materials 545 | -9/Materials | Evolved 2 slots: Propulsion x1, Utility x1 721 | -9/Materials | System corruption reached 10% 723 | -9/Materials | Core integrity fell below 50% 727 | -9/Materials | Core integrity fell below 20% 729 | -9/Materials | Destroyed by G-34 Mercenary with Small Laser Last Messages --------------- U-05 Engineer builds a Wall. U-05 Engineer builds a Door. U-05 Engineer suffers critical hit (Burn). U-05 Engineer builds a Wall. Weight Redist. System destroyed. System corrupted by crushing effect (+4). U-05 Engineer lays Concrete. Imp. Assault Rifle destroyed. System corrupted by crushing effect (+4). U-05 Engineer builds a Wall. Slammed into B-36 Bruiser. Slammed into G-34 Mercenary. Destabilizing: Core damaged (-20). Slammed into G-34 Mercenary. Critical hit (Burn: +37). Slammed into B-36 Bruiser. B-36 Bruiser destroyed. Acquired 60 matter. Slammed into G-34 Mercenary. Destabilizing: Core damaged (-16). Map ----- +----------------------------------------------------+ | ???????????S ???# # # #????????????# | | ???????????"" ! ?### # # #????????????# | | ????????????" ??+ + # #????????????# | | ???????????? ??# ######### #????????????# | | ???????######+#### #????????????# | | ???????# #????????????# | | ???????# #????????????## | | ???????# #?????????????? | | ??????#####+##### #?????????????? | | ??????# + #?????????????? | | ??????# ############### #?????????????? | | ??????# #?????????????# #?????????????? | | ??????# """T""" #?????????????# #?????????????? | | ??????###########?????#######?# #?????????????? | | ??????????????????????# #?# ######+## ?? | | ??????????????????????# ### ?? | | ???????????????######## ?? | | ???????? ### ?? | | ??????????????######### % #?############## ?? | | ??????????????????????###+####???????????????????? | | ??????????????????????#=[%![=#???????????????????? | | ??????????????????????# gY%%*#???????????????????? | | ??????????????????????# *%u!##??????????????????? | | ??????????????????????# u =/ ##??????????????????? | | ??????????????????????# *! %##??????????????????? | | ??????????????????????# @g ##?????????????????? | | ??????????????????????##########?????????????????? | | ?????????????????????????#######?????????????????? | | ?????????????????????????????????????????????????? | | ?????????????????????????????????????????????????? | | ?????????????????????????????????????????????????? | | ?????????????????????????????????????????????????? | | ?????????????????????????????????????????????????? | | ?????????????????????????????????????????????????? | | ?????????????????????????????????????????????????? | | ?????????????????????????????????????????????????? | | ?????????????????????????????????????????????????? | | ?????????????????????????????????????????????????? | | ?????????????????????????????????????????????????? | | ?????????????????????????????????????????????????? | | ?????????????????????????????????????????????????? | | ?????????????????????????????????????????????????? | | ?????????????????????????????????????????????????? | | ?????????????????????????????????????????????????? | | ?????????????????????????????????????????????????? | | ?????????????????????????????????????????????????? | | ?????????????????????????????????????????????????? | | ?????????????????????????????????????????????????? | | ?????????????????????????????????????????????????? | | ?????????????????????????????????????????????????? | +----------------------------------------------------+ Best States ------------- Heat Dissipation 28 Energy Generation 10 Energy Capacity 250 Matter Stores 251 Matter Capacity 300 Sight Range 16 Terrain Scan Density 10 Additional Mass Support 6 Evasion (%) 53 Offensive Hacking 10 Item Schematics ----------------- None Robot Schematics ------------------ None Fabricated ------------ Nothing Alien Tech Used ----------------- None Achievements -------------- None Challenges ------------ None Game ------ Seed SpreadTrackerArchive Manual? 0 Play Time 00:13:44 Cumulative 4.8 hours Start 2024.05.21 @ 20:25:53 End 2024.05.21 @ 20:37:24 Sessions 1 Manual Loads 0 Difficulty Rogue Special Mode None Game No. 8 Rogue 5 Adventurer 3 Explorer 0 Win Type - Total 0 Types 0/0/0/0/0/0/0/0/0 Lore% 11 Gallery% 11 Achievement% 10 Wizard Run 0 Options --------- Layout 1 ASCII 0 Keyboard 0 Movement Mouse Keybinds 0 Fullscreen 2 Font 24/Smallcaps Map View 50x35 Zoom Use 0% Tactical HUD 0 Map Filters NONE Filters NONE Steam 1 RUN: 84b1984d-3be4-44ff-b1d7-51abe414da06